 Dungeon Crawl Stone Soup version 0.27-a0-883-g39567a0c06 (webtiles) character file.

Game seed: 13384832398619531560

270 HELP the Changer (level 6, -2/36 (38) HPs)
             Began as an Octopode Transmuter on Apr 3, 2021.
             Slain by Duvessa
             ... wielding a +2 short sword of draining
              (9 damage)
             ... on level 4 of the Dungeon.
             The game lasted 00:09:28 (4022 turns).

HELP the Changer (Octopode Transmuter)              Turns: 4022, Time: 00:09:28

HP:   -2/36 (38)    AC:  5    Str: 10    XL:     6   Next: 22%
MP:   9/10          EV: 13    Int: 16    God:
Gold: 188           SH:  0    Dex: 13    Spells: 8/11 levels left

rFire    + . .     SeeInvis .   b - +2 dagger (elec)
rCold    . . .     Faith    .   (no shield)
rNeg     . . .     Spirit   .   (helmet currently unavailable)
rPois    +         Reflect  .   m - amulet of magic regeneration
rElec    .         Harm     .   i - ring of protection from fire
rCorr    .         Rampage  .   e - +4 ring of protection
Will     .....                  u - ring of poison resistance
Stlth    +++.......             t - ring of flight
HPRegen  0.12/turn              (no ring)
MPRegen  0.37/turn              (no ring)
                                (no ring)
                                (no ring)

@: lethally poisoned (-2 -> -15), appendages (expiring), wereblooded, flying,
drained
A: tentacle spike 3, almost no armour, amphibious, 8 rings, camouflage 1,
gelatinous body 1, (nimble swimmer 1), tentacles
a: End Transformation


You were on level 4 of the Dungeon.
One of your tentacles had grown a beastly spike.
You visited 1 branch of the dungeon, and saw 4 of its levels.

You collected 188 gold pieces.

Inventory:

Hand Weapons
 a - a +1 hunting sling of freezing
 b - a +2 dagger of electrocution (weapon)
 h - a +2 quarterstaff of chaos
Missiles
 k - 56 arrows
 l - a throwing net
 o - 19 bolts
Jewellery
 d - a ring of fire
 e - a +4 ring of protection (right tentacle)
 i - a ring of protection from fire (left tentacle)
 j - an amulet of guardian spirit
 m - an amulet of magic regeneration (around mantle)
 t - a ring of flight (on tentacle)
 u - a ring of poison resistance (on tentacle)
Wands
 p - a wand of polymorph (10)
 r - a wand of iceblast (14)
Scrolls
 c - a scroll of summoning {unknown}
 f - 3 scrolls of amnesia {unknown}
 n - a scroll of fear {unknown}
 q - 3 scrolls of identify {unknown}
 s - a scroll of acquirement {unknown}
 v - a scroll of teleportation {unknown}
 w - a scroll of immolation {unknown}
Potions
 g - a potion of haste


   Skills:
 - Level 1.0 Fighting
 - Level 2.0 Dodging
 + Level 4.0 Stealth
 - Level 3.0 Unarmed Combat
 + Level 3.3 Spellcasting
 * Level 4.7 Transmutations


You had 8 spell levels left.
You knew the following spells:

 Your Spells              Type           Power      Damage    Failure   Level
a - Beastly Appendage     Tmut           34%        N/A       2%          1
s - Wereblood             Tmut           17%        N/A       4%          2

Your spell library contained the following spells:

 Spells                   Type           Power      Damage    Failure   Level
 Spider Form              Tmut/Pois      5%         N/A       21%         3
 Ice Form                 Ice/Tmut       10%        N/A       56%         4
 Hydra Form               Tmut           8%         N/A       58%         5


Dungeon Overview and Level Annotations

Branches:
Dungeon (4/15)
 Temple: D:4-7

Altars:
Hepliaklqana
Uskayaw

Shops:
D:1 *

Annotations:
D:4 Duvessa


Innate Abilities, Weirdness & Mutations

One of your tentacles has grown a beastly spike.
You cannot wear most types of armour.
You are amphibious.
You can wear up to eight rings at the same time.
Your skin changes colour to match your surroundings (Stealth+).
Your rubbery body absorbs attacks. (AC +1, EV +1)
((You are camouflaged near water. (Stealth+)))
You have tentacles for arms and can constrict up to eight enemies at once.


Message History

Dowan shouts!
You hear a shout!
Found a paperback book.
Casting: Wereblood (safe; 4% risk of failure)
Confirm with . or Enter, or press ? or * to list all spells.
One of your tentacles grows a vicious spike.
Casting: Beastly Appendage (safe; 3% risk of failure)
Confirm with . or Enter, or press ? or * to list all spells.
Your blood is infused with primal strength.
You barely miss the quokka. You grab the quokka.
You pierce the quokka.
You kill the quokka!
You howl as the wereblood boils in your veins!
You have reached level 6!
Your experience leads to an increase in your attributes!
Increase (S)trength, (I)ntelligence, or (D)exterity?
You feel agile. Dowan hits you with a +3 dagger.
An orc comes into view. It is wielding a +0 dagger of venom.
Found a small tourmaline ring.
You see here a quokka corpse.
You hit Dowan. Lightning courses through Dowan!
You kill Dowan!
You hear a distant scream of rage.
Your Stealth skill increases to level 4!
Your transformation is almost over.
The orc barely misses you.
Duvessa, Sister of Dowan comes into view.
She is wielding a +2 short sword of draining.
You closely miss the orc. Your grab misses the orc.
Duvessa goes berserk!
Duvessa rages.
The orc barely misses you.
You hit the orc. You grab the orc.
The orc is moderately wounded.
You howl as the wereblood boils in your veins!
You constrict the orc.
The orc hits you with a +0 dagger of venom.
You are poisoned.
Duvessa hits you with a +2 short sword of draining!!
Ouch! That really hurt!
* * * LOW HITPOINT WARNING * * *
You feel drained.
You die...

#.# #.# #.# #.# #.#
#.# #.###.## #......#
# ####..#...##.#
#.....#......#
#########'#######†...#
...........# #.@)..##
...........# #oe.###
.♣♣♣♣♣♣♣♣..# =....# .♣
♣..##..#.## .♣
♣..##:.#.# .♣
♣..##..#.. .♣ ♣..#..
### .♣ ♣ ♣..#..
.♣.♣♣♣♣♣♣..#


You could see Duvessa (berserk) and an orc.

Vanquished Creatures
  Dowan (D:4)
  A hound (D:4)
  Crazy Yiuf (D:2)
  Terence (D:3)
  An orc wizard (D:3)
  3 adders (D:2)
  A gnoll (D:3)
  2 worms (D:2)
  A dart slug (D:2)
  6 orcs (D:3)
  4 bats
  10 endoplasms
  2 giant cockroaches (D:1)
  7 goblins
  4 hobgoblins
  6 quokkas
  2 ball pythons (D:1)
  2 frilled lizards
  A kobold (D:1)
  7 rats
63 creatures vanquished.

Notes
Turn   | Place    | Note
-------+----------+-------------------------------------------
     0 | D:1      | HELP the Octopode Transmuter began the quest for the Orb.
     0 | D:1      | Reached XP level 1. HP: 13/13 MP: 3/3
   292 | D:1      | Reached skill level 1 in Stealth
   292 | D:1      | Reached XP level 2. HP: 17/18 MP: 3/5
   307 | D:1      | Found Pexuaxke's Assorted Antiques.
   493 | D:1      | Found a faded altar of an unknown god.
   845 | D:1      | Reached XP level 3. HP: 23/23 MP: 4/6
   848 | D:1      | Learned a level 2 spell: Wereblood
  1634 | D:2      | Reached XP level 4. HP: 19/28 MP: 3/7
  1814 | D:2      | Found a hide-covered altar of Uskayaw.
  2139 | D:2      | Found a runed translucent door.
  2140 | D:2      | Noticed Crazy Yiuf
  2285 | D:2      | Killed Crazy Yiuf
  2386 | D:3      | Noticed Terence
  2392 | D:3      | Killed Terence
  2393 | D:3      | Reached XP level 5. HP: 33/33 MP: 9/9
  2890 | D:3      | Found a hazy altar of Hepliaklqana.
  4014 | D:4      | Noticed Dowan
  4018 | D:4      | Reached XP level 6. HP: 38/38 MP: 7/10
  4019 | D:4      | Killed Dowan
  4020 | D:4      | Noticed Duvessa
  4022 | D:4      | Slain by Duvessa

Illustrated notes

Levels and vault maps discovered:
D:1:      minmay_arrival_split_and_join, layout_basic, basic_ecumenical_altar,
          serial_shops, shop
D:2:      layout_loops_ring, basic_altar, uniq_crazy_yiuf_cottage
D:3:      layout_basic, old_standard_altar, serial_bayou, serial_bayou_lake_a,
          serial_bayou_pond_b, serial_bayou_pond_b, serial_bayou_crossing,
          uniq_terence
D:4:      layout_loops_ring, kennysheep_small_spiral, uniq_duvessa

Skill      XL: |  1  2  3  4  5  6 |
---------------+-------------------+-----
Stealth        | 1 2 3 4 |  4.0
Transmutations | 3 4 |  4.7
Spellcasting   | 3 |  3.3
Fighting       | |  1.0
Dodging        | |  2.0
Unarmed Combat | |  3.0

Action                   |  1- 3 |  4- 6 || total
-------------------------+-------+-------++-------
Melee: Short sword       |    65 |       ||    65
       Unarmed           |     5 |       ||     5
       Constrict         |    15 |    13 ||    28
       Kick              |    15 |    11 ||    26
       Tentacles         |    13 |     3 ||    16
       Punch             |     2 |       ||     2
       Dagger            |     4 |    58 ||    62
 Cast: Beastly Appendage |    16 |    11 ||    27
       Wereblood         |     2 |     4 ||     6
  Use: Potion            |       |     4 ||     4
 Stab: Sleeping          |     4 |     2 ||     6
Armor: Skin              |    13 |    14 ||    27
Dodge: Dodged            |    65 |    41 ||   106

Table legend: (Time is in decaauts)
 A = Elapsed time spent in this place.
 B = Non-inter-level travel time spent in this place.
 C = Inter-level travel time spent in this place.
 D = Time resting spent in this place.
 E = Time spent auto-exploring this place.
 F = Levels seen in this place.
 G = Mean time per level.
                   A        B        C        D        E       F      G
               +--------+--------+--------+--------+--------+-----+--------+
         Total |   4024 |   3912 |    112 |    152 |   3299 |   4 | 1006.0 |
       Dungeon |   4024 |   3912 |    112 |    152 |   3299 |   4 | 1006.0 |
               +--------+--------+--------+--------+--------+-----+--------+

Top non-repeatable levels by time:
     D:1: 1201 daAuts
     D:2: 1191 daAuts
     D:3: 1133 daAuts
     D:4: 497 daAuts
